Map: 2000 Atmospheres LE

Players

ziGGy

  • Race: Terran Terran

Vanya - Winner!

  • Race: Zerg Zerg

Event: DreamHack SC2 Masters 2021 Fall

VOD

Have the link to the VOD?

Description

Time

  • Played on: Aug. 5, 2021, 2:07 p.m.
  • Length: 9:21

All games in this series

Show
View Real Time Build Order
Export as new Build Order

ziGGy Terran 

Build Orders:  

Get SALT Encoding   

  12  0:00  SCV  
  13  0:12  SCV  
  14  0:17  Supply Depot  
  14  0:24  SCV  
  15  0:39  SCV  
  15  0:41  Barracks  
  16  0:44  Refinery  
  16  0:51  SCV  
  17  0:59  Barracks  
  17  1:03  SCV  
  18  1:15  SCV  
  19  1:28  Reaper, Orbital Command  
  20  1:35  Barracks  
  20  1:41  Refinery  
  20  1:46  Reaper  
  21  1:56  SCV, Supply Depot  
  22  2:03  Reaper  
  23  2:18  Reaper, SCV  
  25  2:23  Reaper  
  26  2:35  Reaper  
  27  2:40  Command Center  
  27  2:50  Reaper  
  28  2:51  Supply Depot  
  28  2:55  Reaper, SCV  
  29  3:07  Reaper  
  29  3:09  SCV  
  31  3:22  Reaper  
  31  3:25  SCV  
  33  3:27  Reaper  
  34  3:40  Reaper  
  33  3:44  SCV  
  33  3:45  Command Center  
  34  3:49  Factory  
  34  3:55  Orbital Command  
  34  3:59  SCV  
  35  4:07  Marine  
  35  4:09  Refinery  
  36  4:11  SCV  
  36  4:12  Marine  
  38  4:22  SCV  
  38  4:24  SCV  
  40  4:27  Factory  
  40  4:34  SCV  
  40  4:36  SCV  
  40  4:38  Factory Tech Lab  
  42  4:46  SCV  
  42  4:48  SCV  
  42  4:50  Refinery, Factory  
  42  4:57  Orbital Command  
  42  4:58  SCV  
  43  5:00  Cyclone  
  43  5:03  Infernal Pre-Igniter  
  43  5:09  SCV  
  43  5:12  SCV  
  44  5:15  Factory Reactor  
  44  5:21  SCV  
  44  5:24  SCV x2, Factory  
  47  5:32  Cyclone  
  47  5:33  SCV  
  47  5:35  Supply Depot, Factory Reactor  
  51  5:38  SCV  
  52  5:46  SCV  
  53  5:51  Supply Depot, Hellion  
  53  5:52  Supply Depot, Factory  
  53  5:53  Hellion  
  53  5:56  SCV  
  58  5:57  Orbital Command  
  58  5:58  SCV  
  58  6:04  Cyclone  
  62  6:08  SCV  
  62  6:09  Factory Tech Lab  
  62  6:10  SCV  
  64  6:13  Hellion x2  
  64  6:14  Hellion  
  64  6:17  Hellion  
  72  6:20  SCV  
  72  6:23  SCV x2  
  75  6:26  Mag-Field Accelerator  
  75  6:27  Supply Depot  
  77  6:33  SCV  
  77  6:34  Hellion, Cyclone  
  77  6:37  Factory Tech Lab  
  77  6:39  SCV x2  
  83  6:43  Supply Depot  
  83  6:47  SCV  
  83  6:48  Cyclone  
  83  6:51  Hellion  
  89  6:56  Hellion  
  89  7:00  Cyclone  
  94  7:02  Hellion  
  94  7:03  SCV  
  94  7:06  Supply Depot  
  94  7:07  SCV  
  97  7:12  SCV, Hellion  
  97  7:15  SCV  
  85  7:19  SCV  
  80  7:24  SCV  
  80  7:27  SCV  
  80  7:28  Hellion  
  84  7:31  SCV  
  84  7:34  Hellion  
  84  7:36  SCV  
  88  7:40  Hellion  
  88  7:42  SCV  
  91  7:47  Cyclone  
  91  7:51  SCV  
  95  7:53  SCV  
  95  7:54  Cyclone  
  95  7:56  SCV  
  98  7:59  Cyclone  
  98  8:03  SCV  
  103  8:05  SCV  
  103  8:08  SCV  
  104  8:15  SCV  
  104  8:17  SCV  
  104  8:19  Cyclone  
  109  8:20  SCV  
  109  8:26  Cyclone  
  113  8:31  Siege Tank  
  113  8:32  SCV  
  113  8:33  SCV x2  
  105  8:42  Hellion x3  
  105  8:43  Hellion  
  105  8:44  SCV  
  105  8:45  SCV  
  105  8:46  SCV  
  116  8:52  Hellion  
  113  8:56  SCV  
  113  8:57  SCV  
  113  8:58  SCV  
  116  9:08  SCV  
Show
View Real Time Build Order
Export as new Build Order

Vanya Zerg - Winner!

Build Orders: Hatch First 

Get SALT Encoding   

  12  0:00  Drone  
  13  0:12  Overlord  
  13  0:16  Drone  
  14  0:30  Drone x2  
  16  0:47  Hatchery  
  16  0:50  Drone  
  16  0:53  Drone  
  16  0:56  Drone  
  18  1:07  Extractor  
  17  1:12  Spawning Pool  
  17  1:15  Drone  
  17  1:18  Drone  
  18  1:27  Drone  
  19  1:38  Drone  
  20  1:49  Drone  
  21  1:59  Queen x2, Zergling x2  
  21  2:00  Zergling x2  
  27  2:10  Zergling x2  
  27  2:11  Overlord  
  27  2:12  Metabolic Boost  
  28  2:30  Zergling x4  
  28  2:35  Overlord  
  28  2:36  Queen  
  32  2:37  Queen  
  34  2:44  Zergling x2  
  34  2:45  Zergling x2  
  34  2:48  Overlord  
  36  2:53  Overlord  
  36  2:54  Zergling x2  
  37  3:05  Zergling x4  
  39  3:17  Zergling x8  
  43  3:28  Zergling x4  
  45  3:40  Drone x2  
  45  3:42  Queen  
  47  3:49  Drone x3  
  47  3:53  Hatchery, Drone  
  47  3:54  Drone  
  51  4:07  Zergling x6, Drone x2  
  56  4:14  Zergling x2  
  56  4:15  Zergling x4  
  56  4:16  Zergling x2  
  60  4:22  Overlord  
  60  4:34  Overlord x2  
  60  4:45  Overlord  
  58  4:52  Drone  
  58  4:53  Drone x6  
  58  4:59  Queen  
  66  5:06  Drone  
  66  5:07  Drone x5  
  71  5:16  Queen  
  71  5:17  Evolution Chamber x2  
  71  5:19  Drone x3  
  74  5:22  Drone x2  
  74  5:26  Drone  
  77  5:32  Drone x2  
  77  5:33  Extractor  
  77  5:34  Drone  
  79  5:36  Baneling Nest  
  79  5:37  Drone  
  79  5:39  Overlord  
  79  5:45  Drone x4  
  79  5:49  Roach Warren  
  83  5:50  Zerg Missile Weapons Level 1  
  83  5:52  Zerg Ground Armor Level 1  
  83  5:53  Drone  
  84  6:04  Drone  
  84  6:05  Drone x5  
  84  6:06  Extractor  
  84  6:09  Overlord  
  89  6:11  Lair  
  89  6:12  Drone x3  
  89  6:18  Extractor, Drone x5  
  96  6:20  Extractor  
  96  6:22  Extractor  
  96  6:23  Overlord x2  
  96  6:25  Drone  
  95  6:35  Overlord  
  95  6:39  Overlord  
  95  6:40  Roach x5  
  95  6:46  Hatchery  
  103  6:50  Roach x2  
  103  6:53  Roach x2  
  111  6:58  Roach x3  
  117  7:04  Overlord  
  117  7:05  Drone x2  
  117  7:06  Drone x2  
  121  7:10  Roach x2  
  121  7:14  Roach x3  
  127  7:21  Overlord x2  
  127  7:22  Glial Reconstitution  
  122  7:27  Ravager  
  122  7:28  Ravager x4  
  125  7:32  Roach x3  
  125  7:36  Overlord x2  
  131  7:41  Roach x4  
  134  7:48  Roach x5  
  144  7:56  Zergling x10  
  149  7:59  Zergling x6  
  149  8:00  Ravager  
  149  8:01  Ravager, Overseer  
  154  8:07  Overlord  
  154  8:11  Overlord x2  
  154  8:13  Zergling x2  
  154  8:14  Zergling x8  
  159  8:23  Roach x4  
  154  8:35  Roach x10  
  173  8:47  Ravager x3  
  173  8:48  Overlord  
  176  8:49  Zergling x10  
  174  8:55  Zergling x2  
  174  8:56  Zergling x8  

Tags
 
Add a new tag
Caveats
  • Supply blocks, unpowered buildings, or Contaminate may cause inaccurate times.
  • Supply counts are checked every 10 seconds.